 Dungeon Crawl Stone Soup version 0.24-a0-789-g35933f4585 (webtiles) character file.

Game seed: 4243360959310355441, levelgen mode: deterministic

0 Gargoyl the Skirmisher (level 1, -4/19 HPs)
             Began as a Centaur Abyssal Knight on Oct 10, 2019.
             Was a Follower of Lugonu.
             Slain by a small abomination (8 damage)
             ... on level 1 of the Abyss.
             The game lasted 00:00:28 (85 turns).

Gargoyl the Skirmisher (Centaur Abyssal Knight)       Turns: 85, Time: 00:00:30

Health: -4/19      AC:  4    Str: 14    XL:     1   Next: 0%
Magic:  2/2        EV:  9    Int: 11    God:    Lugonu [*.....]
Gold:   0          SH:  0    Dex:  8    Spells: 0/0 levels left

rFire    . . .     SeeInvis .   a - +1 hand axe
rCold    . . .     Gourm    .   (no shield)
rNeg     . . .     Faith    .   b - +0 leather armour
rPois    .         Spirit   .   (no helmet)
rElec    .         Reflect  .   (no cloak)
rCorr    .         Harm     .   (no gloves)
MR       .....                  (no barding)
Stlth    ..........             (no amulet)
HPRegen  0.06/turn              (no ring)
MPRegen  0.08/turn              (no ring)

@: confused, flying (expiring), very quick
A: large, hooves 3, deformed body, speed 2, tough skin 3
a: Depart the Abyss, Renounce Religion


You were on level 1 of the Abyss.
You worshipped Lugonu.
Lugonu was aware of your devotion.
You were not hungry.

You visited 0 branches of the dungeon, and saw 0 of its levels.
You visited the Abyss 1 time.

Inventory:

Hand Weapons
 a - a +1 hand axe (weapon)
Armour
 b - a +0 leather armour (worn)
Comestibles
 c - a ration


   Skills:
 + Level 3.0 Fighting
 + Level 1.7 Axes
 + Level 1.3 Armour
 + Level 0.6 Dodging
 + Level 2.0 Invocations


You couldn't memorise any spells.
You didn't know any spells.
Your spell library was empty.

Dungeon Overview and Level Annotations

Branches:
Dungeon (0/15)

Altars:


Innate Abilities, Weirdness & Mutations

You have hooves in place of feet.
Armour fits poorly on your strangely shaped body.
You cover ground very quickly.
You have extremely tough skin. (AC +3)


Message History

You are more confused.
A phantasmal warrior comes into view.
You bump into the metal wall.
The golden eye blinks at you. You resist with almost no effort.
The golden eye blinks at you.
You are more confused.
You're too confused to move!
The golden eye blinks at you.
You are more confused.
The small abomination hits you.
* * * LOW HITPOINT WARNING * * *
The phantasmal warrior blinks!
You miss the golden eye. Your kick misses the golden eye.
The golden eye is lightly wounded.
You closely miss the small abomination. The golden eye blinks at you.
You are more confused.
The small abomination hits you!
You die...

##. # ...###. .## .. #
#.. ..# ....#.....#...
# ... .. .............
.. . .... .....#.....
.... # ...###...###..
###x..# . #. #..##..#
..##. ## .# . .
##..##..##..##..##..#
.## #
...........x@.W........
.##
............G........
.... #.
##..##.X##..##..# . . #
# . ##..# .ยง# ..##. #
# ?................ ..#
........ ............ .
# ..##..##X.##..##..#
.##.### #.. #..
#..##..##..##..## ..
... .... .... . .. ..


You could see a tentacled starspawn, a phantasmal warrior, a small abomination
and a golden eye.

Vanquished Creatures (others)
  2 starspawn tentacles (Abyss:1)
2 creatures vanquished.

Notes
Turn   | Place    | Note
-------+----------+-------------------------------------------
     0 | Abyss:1  | Gargoyl the Centaur Abyssal Knight began the quest for the
                  | Orb.
     0 | Abyss:1  | Reached XP level 1. HP: 19/19 MP: 2/2
    28 | Abyss:1  | Noticed a balrug
    48 | Abyss:1  | Noticed a small abomination
    63 | Abyss:1  | Noticed a golden eye
    73 | Abyss:1  | Noticed a tentacled starspawn
    81 | Abyss:1  | Noticed a phantasmal warrior
    85 | Abyss:1  | Slain by a small abomination

Levels and vault maps discovered:
Abyss:1

Action                   || total
-------------------------++-------
Melee: Hand axe          ||     4
  Use: Potion            ||     1
Dodge: Dodged            ||     2

Table legend:
 A = Non-vault XP
 B = Vault XP
 C = Vault XP percentage of total XP
 D = Non-vault monster count
 E = Vault monster count
 F = Vault count percentage of total count
                 A         B        C        D         E       F
            +---------+---------+-------+---------+---------+-------
      Total |       0 |       0 |   N/A |       0 |       0 |  -nan
            +---------+---------+-------+---------+---------+-------
            +---------+---------+-------+---------+---------+-------
